 Dungeon Crawl Stone Soup version 0.28.0-45-g0d030f2227 (webtiles) character file.

Game seed: 12176217757434974786

461 pkoi the Ruffian (level 6, -6/50 HPs)
             Began as a Demigod Gladiator on Apr 19, 2022.
             Killed by divine providence
             ... invoked by an orc priest
              (12 damage)
             ... on level 4 of the Dungeon.
             The game lasted 00:05:29 (4122 turns).

pkoi the Ruffian (Demigod Gladiator)                Turns: 4122, Time: 00:05:29

Health: -6/50      AC:  8    Str: 23    XL:     6   Next: 49%
Magic:  12/12      EV: 12    Int: 17    God:
Gold:   179        SH:  0    Dex: 19    Spells: 7/9 levels left

rFire   + + .      SeeInvis .   v - +11 long sword of Objectivity {vamp, Fly rF+ Str+4 Int+3}
rCold   . . .      Faith    .   (no shield)
rNeg    . . .      Spirit   .   y - +2 ring mail "Imuhis" {rF+ Dex+4}
rPois   .          Reflect  .   b - +0 helmet
rElec   .          Harm     .   (no cloak)
rCorr   .          Rampage  .   (no gloves)
Will    .....                   (no boots)
Stlth   +.........              (no amulet)
HPRegen 0.16/turn               (no ring)
MPRegen 0.13/turn               (no ring)

@: flying
A: high MP 1, forlorn, divine attributes
a: no special abilities


You were on level 4 of the Dungeon.
You visited 1 branch of the dungeon, and saw 4 of its levels.

You collected 179 gold pieces.

Inventory:

Hand Weapons
 l - a +0 great sword
 v - the +11 long sword of Objectivity (weapon) {vamp, Fly rF+ Str+4 Int+3}
   (You found it on level 3 of the Dungeon)

   It occasionally heals its wielder for a portion of the damage dealt when it
   wounds a living foe.
   Str:       It affects your strength (+4).
   Int:       It affects your intelligence (+3).
   rF:        It protects you from fire.
   Fly:       It grants you flight.
Missiles
 c - 3 throwing nets (quivered)
 x - 2 atropa-tipped darts
Armour
 a - a +0 leather armour
 b - a +0 helmet (worn)
 y - the +2 ring mail "Imuhis" (worn) {rF+ Dex+4}
   (You found it on level 4 of the Dungeon)

   Dex:       It affects your dexterity (+4).
   rF:        It protects you from fire.
Jewellery
 m - a ring of fire
 p - a ring of protection from fire
 t - a ring of ice
 u - a ring of wizardry
 D - a ring of wizardry
Wands
 o - a wand of charming (4)
Scrolls
 d - 2 scrolls of amnesia {unknown}
 e - a scroll of enchant weapon {unknown}
 f - a scroll of fear {unknown}
 h - a scroll of noise {unknown}
 j - a scroll of vulnerability {unknown}
 k - a scroll of torment {unknown}
 q - 4 scrolls of identify {unknown}
 s - 3 scrolls of enchant armour {unknown}
 w - a scroll of teleportation {unknown}
 B - a scroll of blinking {unknown}
Potions
 g - a potion of heal wounds {unknown}
 i - a potion of attraction {unknown}
 n - 2 potions of lignification {unknown}
 r - a potion of degeneration {unknown}
 z - a potion of berserk rage {unknown}
 A - a potion of mutation {unknown}
 C - a potion of might


   Skills:
 - Level 2.4 Fighting
 - Level 1.7 Throwing
 + Level 1.4 Armour
 - Level 2.6 Dodging
 + Level 4.6 Unarmed Combat
 + Level 2.1 Spellcasting
 + Level 2.3 Air Magic
 + Level 2.3 Poison Magic


You had 7 spell levels left.
You knew the following spells:

 Your Spells              Type           Power      Damage    Failure   Level
a - Poisonous Vapours     Pois/Air       18%        N/A       17%         2

Your spell library contained the following spells:

 Spells                   Type           Power      Damage    Failure   Level
 Spider Form              Tmut/Pois      5%         N/A       50%         3
 Dazzling Flash           Conj/Hex       2%         N/A       65%         3
 Animate Armour           Summ/Erth      2%         N/A       96%         4
 Silence                  Hex/Air        2%         N/A       99%         5
 Agony                    Necr           1%         N/A       100%        5
 Eringya's Noxious Bog    Tmut/Pois      2%         N/A       100%        6


Dungeon Overview and Level Annotations

Branches:
Dungeon (4/15)
 Temple: D:4-7

Shops:
D:3 (


Innate Abilities, Weirdness & Mutations

You have an increased reservoir of magic. (+10% MP)
You shall have no god before yourself.
Your divine heritage dramatically boosts your attributes as you level up.


Message History

You are too injured to fight recklessly!
You are too injured to fight recklessly!
You are too injured to fight recklessly!
You are too injured to fight recklessly!
An orc priest and an orc wizard come into view.
The orc wizard shouts!
The orc priest shouts!
The orc priest closely misses you.
Things that are here:
a +0 hand axe; an orc corpse You closely miss the orc priest.
The orc priest closely misses you.
The orc priest mumbles some strange prayers to Beogh against you.
Beogh smites you!
* * * LOW HITPOINT WARNING * * *
You slash the orc priest!
The orc priest is severely wounded.
The orc priest closely misses you.
The orc priest casts a cantrip, but nothing happens.
The orc priest hits you with a +0 club.
* * * LOW HITPOINT WARNING * * *
You closely miss the orc priest.
The orc priest is severely wounded.
The orc priest misses you.
The orc wizard casts a spell.
The orc wizard flickers and vanishes!
Deactivating autopickup; reactivate with Ctrl-A.
The orc priest hits you with a +0 club.
* * * LOW HITPOINT WARNING * * *
You closely miss the orc priest.
The orc priest is severely wounded.
The orc priest invokes the aid of Beogh against you.
Beogh smites you!
* * * LOW HITPOINT WARNING * * *
The orc priest hits you but does no damage.
The orc priest casts a cantrip, but nothing happens.
The orc priest hits you but does no damage.
You slice the orc priest!!
You feel better.
You kill the orc priest!
The orc priest mumbles some strange prayers to Beogh against you.
Beogh smites you!
You die...

#........###..#.#
#.####....#
...######...#...#
#.........# #.##
#.#####.# #.####...## ..#
#.# #.#####.#####.## ###
#.# #....<..##....#####
#.# ####.##............
#.########.##..#.###.####
#.....{o)#.##..#.# #.....
### #@#.##..#.# ######
#..#.#.[#.. #.###...###
#.## ##..## ##
##....####.####
#...)..........
#.##...####.#### ## ##.##
#..... #.##########


You could see an orc priest.

Vanquished Creatures
  2 ogres (D:4)
  A howler monkey (D:4)
  A hound (D:4)
  2 orc priests (D:4)
  An orc wizard (D:4)
  2 iguanas
  4 adders
  4 worms
  3 dart slugs
  3 orcs
  8 ball pythons
  3 endoplasms
  A giant cockroach (D:2)
  3 goblins
  8 hobgoblins
  4 jackals (D:1)
  8 quokkas
  5 bats
  5 frilled lizards
  3 kobolds
  4 rats
75 creatures vanquished.

Notes
Turn   | Place    | Note
-------+----------+-------------------------------------------
     0 | D:1      | pkoi the Demigod Gladiator began the quest for the Orb.
     0 | D:1      | Reached XP level 1. HP: 17/17 MP: 3/3
   130 | D:1      | Reached skill level 3 in Unarmed Combat
   170 | D:1      | Reached XP level 2. HP: 17/24 MP: 4/4
   853 | D:2      | Reached XP level 3. HP: 19/30 MP: 5/5
   895 | D:2      | Got the Compendium of Summoning and Toxins
   968 | D:1      | Learned a level 2 spell: Poisonous Vapours
  2197 | D:3      | Reached XP level 4. HP: 12/37 MP: 5/7
  2640 | D:3      | Reached skill level 1 in Air Magic
  2695 | D:3      | Identified the +11 long sword of Objectivity {vamp, Fly rF+
                  | Str+4 Int+3}
  2756 | D:3      | Reached skill level 1 in Poison Magic
  3001 | D:3      | Found Piunu's Weapon Shop.
  3019 | D:3      | Reached skill level 4 in Unarmed Combat
  3289 | D:4      | Reached skill level 1 in Spellcasting
  3342 | D:4      | Noticed an ogre
  3349 | D:4      | Killed an ogre
  3350 | D:4      | Reached XP level 5. HP: 19/42 MP: 9/9
  3660 | D:4      | Identified the +2 ring mail "Imuhis" {rF+ Dex+4}
  3739 | D:4      | Noticed an ogre
  3745 | D:4      | Killed an ogre
  3746 | D:4      | Reached skill level 1 in Armour
  3746 | D:4      | Reached XP level 6. HP: 50/50 MP: 11/11
  4121 | D:4      | HP: 1/50 [orc priest/divine providence (15)]
  4122 | D:4      | Killed from afar by an orc priest

Illustrated notes

Levels and vault maps discovered:
D:1:      minmay_arrival_four_houses, layout_rooms
D:2:      layout_loops_ring
D:3:      layout_basic, lemuel_coloured_pillars_altar, serial_shops, shop
D:4:      layout_loops_ring, mainiacjoe_overflow_surrounded_room,
          xom_teletrap_fun

Skill      XL: |  1  2  3  4  5  6 |
---------------+-------------------+-----
Fighting       | 2 |  2.4
Unarmed Combat | 3 4 |  4.6
Air Magic      | 1 2 |  2.3
Poison Magic   | 1 2 |  2.3
Spellcasting   | 1 2 |  2.1
Armour         | 1 |  1.4
Throwing       | |  1.7
Dodging        | |  2.6

Action                   |  1- 3 |  4- 6 || total
-------------------------+-------+-------++-------
Melee: Unarmed           |   154 |    27 ||   181
       Punch             |     3 |       ||     3
       Long sword        |       |    58 ||    58
Throw: Throwing net      |     1 |       ||     1
Evoke: Wand              |     2 |       ||     2
 Stab: Sleeping          |     4 |     1 ||     5
Armor: Leather armour    |    48 |    14 ||    62
       Ring mail         |       |     4 ||     4
Dodge: Dodged            |    77 |    58 ||   135
